woodfighter, lawful female giant Samurai -------- ---- |...Y..-----..| |..@...^^^^^..| |.`l.`.------^| |..`.`.|(...|^| |--`G---.`..|^| |..`.`.`..`.|^| |......|`.`.|^| ----...|....|<| ------------ woodfighter the Samurai Experience level: 7 Strength: 16 Dexterity: 14 Constitution: 20 Intelligence: 9 Wisdom: 9 Charisma: 8 Health: 0(68) Energy: 19(19) Def: 16 Gold: 969 Moves: 3114 Dungeon seed [set]: Game ID: woodfighter_1679930155 Your Inventory: Coins $ - 969 gold pieces Amulets K - a cursed amulet of change Weapons a - an uncursed rusty +0 katana (weapon in hand) c - an uncursed +1 yumi (alternate weapon; not wielded) d - 43 uncursed +0 ya (in quiver) N - 10 uncursed +0 shuriken Z - an uncursed very corroded +2 wakizashi Armor h - an uncursed +0 pair of high boots (being worn) q - an uncursed +2 dented pot r - a blessed +2 dented pot s - an uncursed +2 dented pot (being worn) z - an uncursed +1 large shield (being worn) P - an uncursed +0 mummy wrapping Comestibles j - 5 uncursed gunyoki D - an uncursed eucalyptus leaf F - 2 uncursed lichen corpses H - an uncursed tamago I - 3 uncursed lembas wafers T - 2 uncursed tins of gecko meat X - an uncursed fortune cookie Scrolls i - an uncursed scroll of genocide k - an uncursed scroll of scare monster m - an uncursed scroll of magic mapping t - an uncursed scroll of punishment C - a blessed scroll of blank paper G - an uncursed scroll of scare monster M - an uncursed scroll of identify Q - an uncursed scroll of enchant weapon Rings O - a cursed ring of levitation Wands f - an uncursed wand of probing (0:3) B - an uncursed wand of enlightenment (0:15) L - an uncursed wand of striking (0:6) Tools b - an uncursed stethoscope g - an uncursed blindfold y - an uncursed osaku V - an uncursed door key Y - an uncursed bronze key Gems S - an uncursed worthless piece of violet glass Boulders/Statues n - an uncursed boulder Spells and supernatural/magical abilities: Name Level Category Fail Memory W - pray for help -- divine ? -- Your skills at the end: Miscellaneous Skills martial arts [Basic] wands [Basic] Weapon Skills short sword [Basic] katana [Basic] bow [Basic] sling [Basic] Spellcasting Skills Final Attributes: You were fervently aligned. You were telepathic. You had infravision. You were somewhat stealthy. You were held by an owlbear. You were fast. You are dead. Vanquished creatures: a giant beetle a leprechaun a giant spider a piranha 2 dogs 3 dust vortices a gnome mummy a soldier ant a rock mole 2 rock piercers a kobold mummy 2 elf zombies 2 straw golems 3 floating eyes 3 homunculi a kobold lord a jitterbug a wererat a werejackal a gas spore 2 acid blobs 3 geckos 10 giant rats a brown mold a green mold a red mold a gnome zombie 6 jackals 3 foxes 4 newts 2 goblins a sewer rat 10 grid bugs a bat 5 lichens 2 kobold zombies 83 creatures vanquished. Voluntary challenges: You did not adorn yourself with jewelry or accessories. You did not cause conflict. You were not invisible. You did not have reflection. You were not displaced. You had been an atheist until turn 2860. You did not donate to any temples.. You used a wielded weapon 153 times, starting on turn 76. You did not use containers. You did not apply a unicorn horn. You did not use plumbed fixtures. You did not drink any magical draughts. You were illiterate. You never genocided any monsters. You never polymorphed an object. You never changed form. You used no wishes. You did not use any artifacts. You never split a pudding. You never wrote Elbereth's name. You never violated bushido. You enabled loading special bones files. Dungeon overview: The Dungeons of Doom: levels 1 to 9 Level 1 (box) some fountains, a sink a long staircase Level 2 (box) stairs to The Gnomish Mines Level 3 (box) some fountains Level 4 (water) some fountains Level 5 a vault Level 6 (boxes) a vault, a fountain Level 7 a vault Level 8 many fountains Level 9 (water) a fountain stairs to Sokoban The Gnomish Mines: Level 3 stairs to The Dungeons of Doom Sokoban: Level 8 <- You were here a magic chest stairs to The Dungeons of Doom History has recorded: On T:1 you entered the Dungeons of Doom to retrieve the Amulet of Yendor! On T:76 you reached level 2 of The Dungeons of Doom. On T:372 you advanced to experience level 2. On T:451 you reached level 1 of The Gnomish Mines. On T:564 you reached level 3 of The Dungeons of Doom. On T:733 you reached level 4 of The Dungeons of Doom. On T:1030 you advanced to experience level 3. On T:1122 you reached level 5 of The Dungeons of Doom. On T:1423 you advanced to experience level 4. On T:1458 you reached level 6 of The Dungeons of Doom. On T:1707 you reached level 7 of The Dungeons of Doom. On T:1776 you advanced to experience level 5. On T:2117 you reached level 8 of The Dungeons of Doom. On T:2265 you advanced to experience level 6. On T:2647 you reached level 9 of The Dungeons of Doom. On T:2860 you prayed to Amaterasu Omikami. On T:2922 you advanced to experience level 7. On T:3110 you reached level 4 of Sokoban. Score breakdown: Gold: 969 ( 96 points) Experience: 7 levels ( 600 points) Exploration: 9 levels ( 240 points) Discoveries: 15 items ( 750 points) Variety of kills: 36 monsters ( 1800 points) Major goal: (nothing yet) ( 0 points) Survival: died (score multiplied by 3) Total score: 10458 Latest messages: You drop a magenta potion. You drop 3 potions called hallu. You drop a boulder. (7x) Three-Room Monte The owlbear punches you! (2x) The owlbear grabs you! You slash the owlbear! The gnome picks up a wand. The owlbear punches you! The owlbear misses. You are being crushed. You hack the owlbear! You slash the owlbear. The owlbear punches you! The owlbear misses. You are being crushed. You slash the owlbear. The owlbear punches you! (2x) You are being crushed. You can't go up here. You are being held, and cannot go down. The crocodile bites! The crocodile claws you! The owlbear punches you! You die... Final status: Sayonara woodfighter the Samurai, killed by an owlbear... You died in Sokoban on dungeon level 8 with 10458 points, and 969 pieces of gold, after 3114 moves. You were level 7 with a maximum of 68 hit points when you died.